 Dungeon Crawl Stone Soup version 0.18-a0-822-gb52b7b4 (webtiles) character file.

1416 bezhaha the Jinx (level 8, -3/52 HPs)
             Began as an Octopode Chaos Knight on Dec 17, 2015.
             Slain by Moys the merfolk
             ... wielding a +1 vampiric trident
             ... created by the player character
              (17 damage)
             ... on level 4 of the Dungeon.
             The game lasted 00:09:59 (3963 turns).

bezhaha the Jinx (Octopode Chaos Knight)            Turns: 3963, Time: 00:09:59

Health: -3/52      AC:  1    Str: 11    XL:     8   Next: 71%
Magic:  0/8        EV: 24    Int: 14    God:    Xom [..*...]
Gold:   144        SH:  0    Dex: 19    Spells: 1 memorised, 3 levels left

rFire  . . .     SeeInvis .     a - +0 spear (chaos)
rCold  . . .     Gourm    .     (no shield)
rNeg   . . .     Faith    .     (helmet restricted)
rPois  .         Spirit   +     n - amulet of guardian spirit
rElec  .         Dismiss  .     (no ring)
rCorr  .         Reflect  .     B - ring of teleportation
SustAt .         Harm     .     C - ring of flight
MR     .....     Rnd*Tele +     (no ring)
Stlth  ++++......               (no ring)
                                (no ring)
                                (no ring)
                                (no ring)

@: agile, about to teleport, not resistant to hostile enchantments, stealthy
A: almost no armour, amphibious, 8 rings, constrict 8, camouflage 1, gelatinous
body 1
a: Renounce Religion, Evoke Flight, Evoke Teleportation


You were on level 4 of the Dungeon.
You worshipped Xom.
You were a toy of Xom.
You were hungry.

You visited 1 branch of the dungeon, and saw 4 of its levels.

You collected 144 gold pieces.

Inventory:

Hand Weapons
 a - a +0 spear of chaos (weapon)
 t - a +0 blowgun
Missiles
 p - 2 curare-tipped needles
 q - 36 poisoned needles
Magical Staves
 k - an uncursed staff of conjuration
Jewellery
 n - an amulet of guardian spirit (around mantle)
 B - a ring of teleportation (right tentacle)
 C - a ring of flight (on tentacle)
Wands
 s - a wand of enslavement (22)
Scrolls
 c - 3 scrolls of remove curse
 e - a scroll of teleportation
 i - 3 scrolls of identify {unknown}
 l - a scroll of noise {unknown}
 r - a scroll of fog {unknown}
 u - a scroll of magic mapping {unknown}
 w - a scroll of enchant weapon {unknown}
 y - a scroll of amnesia {unknown}
 z - 3 scrolls of blinking {unknown}
Potions
 h - a potion of brilliance {unknown}
 j - a potion of curing {unknown}
Books
 m - a book of the Dragon

   Spells                             Type                      Level
   a - Flame Tongue                   Conjuration/Fire             1
   b - Cause Fear                     Hexes                        4
   c - Bolt of Fire                   Conjuration/Fire             6
   d - Dragon Form                    Transmutation                7
   e - Dragon's Call                  Summoning                    9
 A - a book of Clouds

   Spells                             Type                      Level
   a - Mephitic Cloud                 Conjuration/Poison/Air       3
   b - Conjure Flame                  Conjuration/Fire             3
   c - Poisonous Cloud                Conjuration/Poison/Air       6
   d - Freezing Cloud                 Conjuration/Ice/Air          6
   e - Ring of Flames                 Charms/Fire                  7
Miscellaneous
 v - a plain deck of changes {drawn: 1}
Comestibles
 b - 5 bread rations
 d - 3 meat rations
 f - 6 beef jerkies


   Skills:
 - Level 3.0 Fighting
 - Level 7.0 Polearms
 - Level 9.1 Dodging
 - Level 2.0 Stealth
 + Level 9.9 Hexes


You had 3 spell levels left.
You knew the following spells:

 Your Spells              Type           Power        Failure   Level  Hunger
a - Cause Fear            Hex            ####......   8%          4    #####..


Dungeon Overview and Level Annotations

Branches:
Dungeon (4/15)
 Temple: D:4-7

Altars:
Nemelex Xobeh
Ru
Vehumet


Innate Abilities, Weirdness & Mutations

You cannot wear most types of armour.
You are amphibious.
You can wear up to eight rings at the same time.
You can use your tentacles to constrict eight enemies at once.
Your skin changes colour to match your surroundings (Stealth).
Your rubbery body absorbs attacks (AC +1).


Message History

The phantom is moderately damaged.
The phantom hits you.
* * * LOW HITPOINT WARNING * * *
You closely miss the phantom. Your squeeze misses the phantom.
The phantom is moderately damaged.
The phantom completely misses you.
You hit the phantom but do no damage.
Space bends around the phantom.
The phantom is moderately damaged.
You hit the phantom but do no damage. You squeeze the phantom!
The phantom is severely damaged.
The phantom blinks!
Evoke which item? (* to show all) (? for menu, Esc to quit)
You draw a card...
It is the Mercenary.
You cannot afford Moys's fee of 315 gold!
Moys attacks!
Moys the merfolk comes into view. It is wielding a vampiric trident.
Read which item? (? for menu, Esc to quit)
As you read the scroll of teleportation, it crumbles to dust.
You feel strangely unstable. Moys hits you with a vampiric trident!!
You die...

#########.)........# ########
##.......#..........# #......##.
.........##.........# #......##.
##.......##.........# #......##.
#.......##...W.....# #......##.
#(......##.........# #(.....##.
#)......##.........####).....##.
##.......##......§...(........##.
.+.......''.....@§...............
##.......##.....m§.#####.........
#####'#...............##...#####
######'#...............##...#
.......................##...#
.........####...........#...#
.........# #...........#.(.#####
.........# #...........######..<
.........## #...........# #.#.


You could see Moys the merfolk and a phantom.

Vanquished Creatures
  Eustachio (D:4)
  An ogre (D:4)
  An orc priest (D:3)
  A hound (D:4)
  A centaur skeleton (D:4)
  Terence (D:2)
  4 orc wizards
  A sheep (D:4)
  3 worker ants (D:4)
  A hound skeleton (D:4)
  4 adders
  4 gnolls
  3 oozes
  A worm (D:3)
  5 giant geckos
  10 orcs
  7 bats
  2 giant cockroaches
  5 hobgoblins
  11 kobolds
  3 quokkas
  A ball python (D:1)
  5 giant newts
  9 goblins
  4 rats
89 creatures vanquished.

Vanquished Creatures (others)
  A bat (D:3)
1 creature vanquished.

Grand Total: 90 creatures vanquished

Notes
Turn   | Place    | Note
--------------------------------------------------------------
     0 | D:1      | bezhaha the Octopode Chaos Knight began the quest for the Orb.
     0 | D:1      | Reached XP level 1. HP: 16/16 MP: 1/1
    18 | D:1      | XOM: harmless Trmt miscast
    70 | D:1      | XOM: smoke on damage
    72 | D:1      | Reached XP level 2. HP: 18/21 MP: 2/2
   316 | D:1      | Reached skill level 4 in Polearms
   422 | D:1      | Reached XP level 3. HP: 26/26 MP: 3/3
   496 | D:1      | XOM: silly message
   726 | D:2      | Noticed Terence
   734 | D:2      | XOM: butterfly on damage
   737 | D:2      | Killed Terence
   894 | D:2      | Reached XP level 4. HP: 31/31 MP: 4/4
   904 | D:2      | Found a faded altar to an unknown god.
  1032 | D:2      | Reached skill level 5 in Polearms
  1418 | D:2      | XOM: cast spell 'Summon Butterflies'
  1484 | D:2      | Found a sacrificial altar of Ru.
  1552 | D:3      | Reached XP level 5. HP: 27/36 MP: 5/5
  1653 | D:3      | XOM: divination: detect items
  1879 | D:3      | Found a sparkling altar of Nemelex Xobeh.
  2013 | D:3      | XOM: colour smoke trail
  2027 | D:3      | Found a radiant altar of Vehumet.
  2027 | D:3      | XOM: harmless Divn miscast
  2046 | D:3      | Reached skill level 6 in Polearms
  2127 | D:3      | XOM: harmless Tloc miscast
  2145 | D:3      | XOM: potion effect (agility)
  2305 | D:3      | XOM: harmless Necr miscast
  2451 | D:4      | Reached skill level 1 in Stealth
  2451 | D:4      | Reached XP level 6. HP: 30/42 MP: 4/6
  2597 | D:4      | Reached skill level 7 in Polearms
  2628 | D:4      | Learned a level 4 spell: Cause Fear
  2658 | D:4      | XOM: smoke on damage
  2667 | D:4      | Reached skill level 1 in Hexes
  2778 | D:4      | XOM: harmless Chrm miscast
  3007 | D:4      | Noticed Eustachio
  3028 | D:4      | XOM: potion effect (berserk rage)
  3030 | D:4      | Killed Eustachio
  3030 | D:4      | Reached XP level 7. HP: 14/46 MP: 1/7
  3030 | D:4      | XOM: potion effect (haste)
  3309 | D:4      | XOM: silly message
  3736 | D:4      | XOM: harmless Tloc miscast
  3739 | D:4      | XOM: potion effect (heal wounds)
  3943 | D:4      | XOM: smoke on damage
  3946 | D:4      | XOM: harmless Tloc miscast
  3949 | D:4      | XOM: divination: detect items
  3950 | D:4      | XOM: potion effect (experience)
  3950 | D:4      | Reached skill level 9 in Dodging
  3950 | D:4      | Reached XP level 8. HP: 22/52 MP: 4/8
  3962 | D:4      | Noticed Moys
  3963 | D:4      | Slain by Moys the merfolk

Vault maps used:
D:1:      mrwooster_arrival_statue_2, serial_bayou_pond_c
D:2:      ecumenical_altar_2, hangedman_ru_absence, uniq_terence
D:3:      nemelex_deck, nicolae_overflow_hidden_temple, grunt_ministairs_6
D:4:      first_bread, minivault_23, uniq_eustachio

Action                   |  1- 3 |  4- 6 |  7- 9 || total
-------------------------+-------+-------+-------++-------
Melee: Spear             |    47 |   140 |    64 ||   251
 Fire: Blowgun           |       |    35 |       ||    35
Evoke: Deck              |       |       |     1 ||     1
  Use: Scroll            |       |     2 |     1 ||     3
       Potion            |       |     1 |     1 ||     2
 Stab: Sleeping          |     5 |     5 |     2 ||    12
       Confused          |       |     1 |       ||     1
       Petrifying        |       |     1 |       ||     1
  Eat: Chunk             |       |     7 |     3 ||    10
